 Dungeon Crawl Stone Soup version 0.29-a0-451-gfbfa42419e (console) character file.

Game seed: 6996867471043261765

8 Faeu the Sneak (level 2, 0/19 HPs)
             Began as a Vampire Enchanter on May 19, 2022.
             Slain by a kobold
             ... wielding a +0 whip
              (4 damage)
             ... on level 1 of the Dungeon.
             The game lasted 00:00:49 (189 turns).

Faeu the Sneak (Vampire Enchanter)                   Turns: 189, Time: 00:00:49

Health: 0/19       AC:  2    Str:  7    XL:     2   Next: 0%
Magic:  5/5        EV: 12    Int: 17    God:
Gold:   22         SH:  0    Dex: 14    Spells: 5/5 levels left

rFire   . . .      SeeInvis +   a - +1 dagger
rCold   . . .      Faith    .   (no shield)
rNeg    . . .      Spirit   .   b - +0 robe
rPois   .          Reflect  .   (no helmet)
rElec   .          Harm     .   (no cloak)
rCorr   .          Rampage  .   (no gloves)
Will    .....                   (no boots)
Stlth   +++.......              (no amulet)
HPRegen 0.26/turn               (no ring)
MPRegen 0.09/turn               (no ring)

@: healing quickly
A: alive, fangs 3, see invisible, vampiric 1
a: Exsanguinate


You were on level 1 of the Dungeon.
You visited 1 branch of the dungeon, and saw 1 of its levels.

You collected 22 gold pieces.

Inventory:

Hand Weapons
 a - a +1 dagger (weapon)
Armour
 b - a +0 robe (worn)
Potions
 c - 2 potions of invisibility


   Skills:
 + Level 1.4 Short Blades
 + Level 2.3 Dodging
 + Level 4.6 Stealth
 + Level 2.1 Spellcasting
 + Level 4.5 Hexes


You had 5 spell levels left.
You didn't know any spells.
Your spell library contained the following spells:

 Spells                   Type           Power      Damage    Failure   Level
 Confusing Touch          Hex            17%        N/A       9%          3
 Tukima's Dance           Hex            17%        N/A       9%          3
 Ensorcelled Hibernation  Hex/Ice        18%        N/A       12%         2
 Dazzling Flash           Conj/Hex       18%        N/A       22%         3


Dungeon Overview and Level Annotations

Branches:
Dungeon (1/15)

Altars:


Innate Abilities, Weirdness & Mutations

Your natural rate of healing is accelerated.
You have razor-sharp teeth.
You have supernaturally acute eyesight. (SInv)
You are afflicted with vampirism.


Message History

A kobold comes into view. It is wielding a +0 whip.
There are monsters nearby!
A ball python comes into view.
A quokka comes into view.
The hobgoblin barely misses you.
The quokka moves out of view.
You barely miss the hobgoblin. The hobgoblin hits you.
The ball python hisses angrily.
You hit the hobgoblin but do no damage. Your bite misses the hobgoblin.
The hobgoblin hits you.
You closely miss the hobgoblin. The hobgoblin hits you.
You hit the hobgoblin.
You kill the hobgoblin!
You hit the ball python.
You kill the ball python!
You have reached level 2!
Things that are here:
a ball python corpse; a hobgoblin corpse You hit the kobold.
Your bite misses the kobold.
The kobold is moderately wounded.
The kobold completely misses you.
You hit the kobold.
The kobold is severely wounded.
The kobold hits you with a +0 whip.
You barely miss the kobold.
The kobold is severely wounded.
You closely miss the kobold. Your bite misses the kobold.
The kobold is severely wounded.
The kobold hits you with a +0 whip.
* * * LOW HITPOINT WARNING * * *
You hit the kobold but do no damage.
The kobold is severely wounded.
The kobold closely misses you.
You hit the kobold but do no damage.
The kobold is severely wounded.
The kobold hits you with a +0 whip.
* * * LOW HITPOINT WARNING * * *
You hit the kobold but do no damage.
The kobold is severely wounded.
The kobold hits you with a +0 whip.
You die...

#.#.#.####
#.#.......
#.###.#### .......
#.#......# .....
#.#.#.##.# .....
#.#.#....# ...
#.#.#.#### .>.
#...#..... #r#
#####.#### #K#
#.#.%. #@# #.#.##
#.# #.#.# #.#
#.#.# #.#
#.###.#.## #.#
#.........
#.################
#.............%...
##################


You could see a quokka and a kobold.

Vanquished Creatures
  3 ball pythons (D:1)
  An endoplasm (D:1)
  A giant cockroach (D:1)
  A hobgoblin (D:1)
  A bat (D:1)
7 creatures vanquished.

Notes
Turn   | Place    | Note
-------+----------+-------------------------------------------
     0 | D:1      | Faeu the Vampire Enchanter began the quest for the Orb.
     0 | D:1      | Reached XP level 1. HP: 13/13 MP: 3/3
   182 | D:1      | Reached XP level 2. HP: 10/19 MP: 5/5
   189 | D:1      | Slain by a kobold

Illustrated notes

Levels and vault maps discovered:
D:1:      amcnicky_arrival_underground_garden, layout_basic, minmay_cupped

Action                   || total
-------------------------++-------
Melee: Dagger            ||    46
 Stab: Sleeping          ||     3
Armor: Robe              ||    11
Dodge: Dodged            ||    16

Table legend: (Time is in decaauts)
 A = Elapsed time spent in this place.
 B = Non-inter-level travel time spent in this place.
 C = Inter-level travel time spent in this place.
 D = Time resting spent in this place.
 E = Time spent auto-exploring this place.
 F = Levels seen in this place.
 G = Mean time per level.
                   A        B        C        D        E       F      G
               +--------+--------+--------+--------+--------+-----+--------+
         Total |    186 |    186 |      0 |      0 |    112 |   1 |  186.0 |
       Dungeon |    186 |    186 |      0 |      0 |    112 |   1 |  186.0 |
               +--------+--------+--------+--------+--------+-----+--------+

Top non-repeatable levels by time:
     D:1: 186 daAuts
